 Dungeon Crawl Stone Soup version 0.18.1-48-g4cf74bf (webtiles) character file.

112 Heedrag the Conjurer (level 4, -5/24 HPs)
             Began as a Deep Elf Conjurer on Sept 2, 2016.
             Slain by Menkaure (12 damage)
             ... on level 4 of the Dungeon.
             The game lasted 00:04:52 (2489 turns).

Heedrag the Conjurer (Deep Elf Conjurer)            Turns: 2489, Time: 00:04:53

Health: -5/24      AC:  2    Str:  6    XL:     4   Next: 63%
Magic:  7/12       EV: 13    Int: 20    God:
Gold:   103        SH:  0    Dex: 15    Spells: 2 memorised, 7 levels left

rFire  . . .     SeeInvis .     t - +0 spear
rCold  . . .     Gourm    .     a - +0 robe
rNeg   . . .     Faith    .     (no shield)
rPois  .         Spirit   .     (no helmet)
rElec  .         Dismiss  .     (no cloak)
rCorr  .         Reflect  .     (no gloves)
SustAt .         Harm     .     (no boots)
MR     .....                    (no amulet)
Stlth  ++........               x - ring of flight
                                k - ring of wizardry

@: not resistant to hostile enchantments, unstealthy
A: no striking features
a: Evoke Flight


You were on level 4 of the Dungeon.
You were not hungry.

You visited 1 branch of the dungeon, and saw 4 of its levels.

You collected 103 gold pieces.

Inventory:

Hand Weapons
 t - a +0 spear (weapon)
 w - a +0 mace of draining
Armour
 a - a +0 robe (worn)
Jewellery
 k - a ring of wizardry (left hand)
 q - an uncursed ring of stealth
 x - a ring of flight (right hand)
Scrolls
 e - a scroll of enchant weapon {unknown}
 f - a scroll of teleportation {unknown}
 j - 4 scrolls of remove curse {unknown}
 m - a scroll of identify {unknown}
 r - a scroll of amnesia {unknown}
Potions
 d - a potion of cancellation {unknown}
 g - a potion of haste {unknown}
 i - a potion of brilliance {unknown}
 l - 2 potions of might {unknown}
 n - a potion of mutation {unknown}
 o - a potion of heal wounds {unknown}
 p - a potion of invisibility {unknown}
 s - 2 potions of curing {unknown}
 u - 2 potions of agility {unknown}
Books
 b - a book of Conjurations

   Spells                             Type                      Level
   a - Magic Dart                     Conjuration                  1
   b - Searing Ray                    Conjuration                  2
   c - Dazzling Spray                 Conjuration/Hexes            3
   d - Fulminant Prism                Conjuration/Hexes            4
   e - Iskenderun's Mystic Blast      Conjuration                  4
   f - Iskenderun's Battlesphere      Conjuration/Charms           5
Comestibles
 c - 3 bread rations
 h - a beef jerky


   Skills:
 - Level 2.4 Dodging
 - Level 2.4 Stealth
 + Level 4.6 Spellcasting
 * Level 5.9 Conjurations


You had 7 spell levels left.
You knew the following spells:

 Your Spells              Type           Power        Failure   Level  Hunger
a - Magic Dart            Conj           ####         1%          1    None
b - Iskenderun's Mystic   Conj           ####....     4%          4    ####...


Dungeon Overview and Level Annotations

Branches:
Dungeon (4/15)
 Temple: D:4-7

Altars:

Annotations:
D:3 ThereIsNoGod's ghost, weakling MiGl
D:4 exclusion: 3 slaves, Dowan; Menkaure


Message History

Castin': Magic Dart Confirm wit' . or Enter, or press ? or * ta list all spells.
Aimin': Magic Dart
Press: ? - help, Shift-Dir - straight line, f/p - Menkaure
Aim: Menkaure (heavily damaged) Tha magic dart hits Menkaure.
Menkaure be heavily damaged.
Menkaure hits ye!!
Ouch! Tha re'lly hurt!
* * * LOW HITPOINT WARNIN'
* * * Castin': Magic Dart Confirm wit' . or Enter, or press ? or * ta list all spells.
Aimin': Magic Dart
Press: ? - help, Shift-Dir - straight line, f/p - Menkaure
Aim: Menkaure (heavily damaged) Tha magic dart hits Menkaure.
Menkaure be severely damaged.
Menkaure hits ye!
Ouch! Tha re'lly hurt!
Ye die...

..#.#..#..(..#.......#
#e#
#..#...#.#.......########
#..#...#.#.......'.......
#
#..#.###.#.......########
# #.#.<#.....#.......#
#.#.#..#.#####.......#
#......#.#.....$.....#
#.....##.#.####......#
#........#......@M####
#....#########.........#
#.... ............+ #....
####........$# .....
########### #####


You could see Menkaure.

Vanquished Creatures
  A hound (D:4)
  3 gnolls
  An adder skeleton (D:4)
  A worm (D:2)
  A dart slug (D:1)
  A giant gecko (D:4)
  2 orcs
  3 giant cockroaches
  5 goblins
  5 hobgoblins
  4 jackals (D:1)
  A quokka (D:2)
  A ball python (D:2)
  3 bats
  2 giant newts
  6 kobolds
  6 rats
46 creatures vanquished.

Notes
Turn   | Place    | Note
--------------------------------------------------------------
     0 | D:1      | Heedrag the Deep Elf Conjurer began the quest for the Orb.
     0 | D:1      | Reached XP level 1. HP: 10/10 MP: 6/6
   395 | D:1      | Reached XP level 2. HP: 15/15 MP: 6/8
   821 | D:1      | Reached skill level 5 in Conjurations
   821 | D:1      | Reached XP level 3. HP: 8/19 MP: 6/10
  1821 | D:2      | Reached XP level 4. HP: 18/24 MP: 4/12
  1921 | D:3      | Learned a level 4 spell: Iskenderun's Mystic Blast
  2021 | D:3      | Noticed ThereIsNoGod's ghost (weakling MiGl)
  2279 | D:4      | Noticed Dowan
  2363 | D:4      | Noticed a slave
  2363 | D:4      | Noticed a slave
  2363 | D:4      | Noticed a slave
  2481 | D:4      | Noticed Menkaure
  2489 | D:4      | Slain by Menkaure

Skill      XL: |  1  2  3 |
---------------+----------+-----
Conjurations   | 5 |  5.9
Spellcasting   | 4 |  4.6
Dodging        | |  2.4
Stealth        | |  2.4

Action                   |  1- 3 |  4- 6 || total
-------------------------+-------+-------++-------
Melee: Spear             |     2 |     8 ||    10
 Cast: Magic Dart        |    90 |    27 ||   117
  Eat: Chunk             |     2 |     3 ||     5
Armor: Robe              |     2 |       ||     2
Dodge: Dodged            |     3 |    12 ||    15
